 Dungeon Crawl Stone Soup version 0.27.1-33-g824d729ab1 (webtiles) character file.

Game seed: 15567879568269293396

6 jlumianski the Skirmisher (level 1, 0/14 HPs)
             Began as a Gargoyle Monk on Dec 17, 2021.
             Slain by a gnoll (4 damage)
             ... on level 1 of the Dungeon.
             The game lasted 00:00:36 (451 turns).

jlumianski the Skirmisher (Gargoyle Monk)            Turns: 451, Time: 00:00:37

Health: 0/14       AC:  4    Str: 14    XL:     1   Next: 90%
Magic:  1/1        EV: 12    Int: 10    God:
Gold:   3          SH:  0    Dex: 12    Spells: 0/0 levels left

rFire    . . .     SeeInvis .   a - +0 hand axe
rCold    . . .     Faith    .   (no shield)
rNeg     + . .     Spirit   .   b - +0 robe
rPois    ∞         Reflect  .   (no helmet)
rElec    +         Harm     .   (no cloak)
rCorr    .         Rampage  .   (no gloves)
Will     .....                  (no boots)
Stlth    ++........             (no amulet)
HPRegen  0.04/turn              (no ring)
MPRegen  0.07/turn              (no ring)

@: no status effects
A: sickness immunity, AC +2, negative energy resistance 1, electricity
resistance, torment resistance 1, petrification resistance
a: no special abilities


You were on level 1 of the Dungeon.
You visited 1 branch of the dungeon, and saw 1 of its levels.

You collected 3 gold pieces.

Inventory:

Hand Weapons
 a - a +0 hand axe (weapon)
Missiles
 e - 3 javelins (quivered)
Armour
 b - a +0 robe (worn)
 g - a +0 ring mail
Scrolls
 c - a scroll of summoning {unknown}
 f - a scroll of fog {unknown}
Potions
 d - a potion of curing {unknown}


   Skills:
 + Level 3.4 Fighting
 + Level 2.8 Axes
 + Level 2.5 Dodging
 + Level 2.2 Stealth


You couldn't memorise any spells.
You didn't know any spells.
Your spell library was empty.

Dungeon Overview and Level Annotations

Branches:
Dungeon (1/15)

Altars:


Innate Abilities, Weirdness & Mutations

You are immune to sickness and miasma.
Your stone body is resilient. (AC +2)
You are immune to poison.
You resist negative energy. (rN+)
You are resistant to electric shocks. (rElec)
You are resistant to unholy torment.
You are immune to petrification.


Message History

You see here a +0 ring mail.
g - a +0 ring mail A hobgoblin and a dart slug come into view.
Found a purple potion.
The hobgoblin shouts!
The dart slug launches a dart at you. The slug dart misses you.
The gnoll barely misses you.
You hit the gnoll.
The gnoll is lightly wounded.
The gnoll hits you with a +0 club. The gnoll barely misses you.
You closely miss the gnoll.
The gnoll is lightly wounded.
The gnoll misses you.
You hit the gnoll but do no damage.
The gnoll is lightly wounded.
You hit the hobgoblin but do no damage.
The hobgoblin hits you but does no damage.
The gnoll hits you with a +0 club.
You hit the gnoll.
The gnoll is heavily wounded.
You closely miss the hobgoblin.
The hobgoblin hits you but does no damage.
The gnoll misses you.
You closely miss the gnoll.
The gnoll is heavily wounded.
You closely miss the hobgoblin. The hobgoblin closely misses you.
The gnoll hits you with a +0 club.
You hit the gnoll.
The gnoll is heavily wounded.
You barely miss the hobgoblin. The hobgoblin barely misses you.
The gnoll hits you with a +0 club. The hobgoblin hits you.
* * * LOW HITPOINT WARNING * * *
The gnoll hits you but does no damage.
You hit the gnoll but do no damage.
The gnoll is heavily wounded.
You hit the hobgoblin.
The hobgoblin hits you but does no damage.
The gnoll hits you with a +0 club.
You die...

..... .....
#....#....#
#...#>#...
#....#...#
#..g....#
#.......#
##.###w##
#g# #@# #
#g#
#.###.##
###......#
.g.......#
.#######.#
# #.# . #.#
# #.#


You could see a gnoll, a dart slug and a hobgoblin.

Vanquished Creatures
  A goblin (D:1)
  A quokka (D:1)
  A ball python (D:1)
  2 kobolds (D:1)
  A rat (D:1)
6 creatures vanquished.

Notes
Turn   | Place    | Note
-------+----------+-------------------------------------------
     0 | D:1      | jlumianski the Gargoyle Monk began the quest for the Orb.
     0 | D:1      | Reached XP level 1. HP: 14/14 MP: 1/1
   451 | D:1      | Slain by a gnoll

Illustrated notes

Levels and vault maps discovered:
D:1:      moated_graveyard_arrival, layout_loops_ring,
          dreamdust_ecumenical_altar_statues, amethyst_killhole, nrook_campfire,
          st_stairs_14, minmay_tromino_v4_b

Action                   || total
-------------------------++-------
Melee: Hand axe          ||    24
 Stab: Sleeping          ||     1
Armor: Robe              ||     8
Dodge: Dodged            ||    24
